 Dungeon Crawl Stone Soup version 0.13-a0-2682-gb26bf1a (webtiles) character file.

2030 M4edhros the Skirmisher (level 9, 0/59 HPs)
             Began as an Octopode Wanderer on Aug 13, 2013.
             Slain by a killer bee (1 damage)
             ... on Level 6 of the Dungeon.
             The game lasted 00:10:56 (5274 turns).

M4edhros the Skirmisher (Octopode Wanderer)         Turns: 5274, Time: 00:10:56

HP   0/59        AC  3     Str 13      XL: 9   Next:  6%
MP  12/14        EV 11     Int 17      God:
Gold 283         SH  0     Dex 10      Spells:  1 memorised, 11 levels left

Res.Fire  : . . .   See Invis. : .   q - +0,+1 whip (elec)
Res.Cold  : . . .   Warding    : .   (no shield)
Life Prot.: . . .   Conserve   : .   m - +2 cap
Res.Poison: +       Res.Corr.  : .   f - amulet of stasis
Res.Elec. : .       Clarity    : .   d - ring of poison resistance
Sust.Abil.: . .     Spirit.Shd : .   (no ring)
Res.Mut.  : .       Stasis     : +   (no ring)
Res.Rott. : .       Flight     : .   (no ring)
Saprovore : . . .                    (no ring)
                                     (no ring)
                                     (no ring)
                                     (no ring)

@: slightly resistant to hostile enchantments, stealthy
A: almost no armour, amphibious, 8 rings, constrict 8, camouflage 1, AC +1
a: no special abilities


You were on level 6 of the Dungeon.
You were hungry.

You visited 1 branch of the dungeon, and saw 6 of its levels.

You collected 233 gold pieces.

Inventory:

Hand weapons
 a - a +2,+3 short sword
 h - a +0,-1 dwarven hammer
 q - a +0,+1 whip of electrocution (weapon)
 r - the cursed -1,-5 dagger of Psilaak (quivered) {freeze, rC++ Str+2, unknown}
   (You took it off a goblin on level 4 of the Dungeon)

   It has been specially enchanted to freeze those struck by it, causing extra
   injury to most foes and up to double damage against particularly susceptible
   opponents.
   It can also slow down cold-blooded creatures.
   It affects your strength (+2).
   It greatly protects you from cold.
   It has a curse placed upon it.
Armour
 m - a +2 cap (worn)
Magical devices
 u - a wand of cold (0)
Comestibles
 c - 3 bread rations
 i - a beef jerky
 n - a rambutan
 p - a meat ration
Scrolls
 g - a scroll of enchant armour
 j - a scroll of fog
 l - a scroll of amnesia
Jewellery
 d - a ring of poison resistance (left tentacle)
 f - an amulet of stasis (around mantle)
 k - a cursed ring of teleport control {unknown}
 t - a cursed ring of teleportation {unknown}
 w - a cursed ring of teleportation {unknown}
Potions
 b - a potion of magic


   Skills:
 + Level 7.9 Fighting
 - Level 7.6 Short Blades
 + Level 3.1 Maces & Flails
 - Level 1.3 Stealth
 - Level 2.0 Spellcasting
   Level 1.0 Summonings
 - Level 2.0 Necromancy
   Level 1.0 Invocations


You had 11 spell levels left.
You knew the following spells:

 Your Spells              Type           Power        Failure   Level  Hunger
a - Pain                  Necr           #...         10%         1    #......


Dungeon Overview and Level Annotations

Branches:
Dungeon (6/27)
 Temple: D:4-7          Orc: D:6-11

Altars:
Fedhas
Okawaru
Trog
Vehumet
Xom


Innate Abilities, Weirdness & Mutations

You cannot wear most types of armour.
You are amphibious.
You can wear up to eight rings at the same time.
You can use your tentacles to constrict many enemies at once.
Your skin changes colour to match your surroundings (Stlth).
Your rubbery body absorbs attacks (AC +1).


Message History

Drink which item? (? for menu, Esc to quit)
Okay, then.
Evoke which item? (* to show all) (? for menu, Esc to quit)
Okay, then.
Casting: Pain
Confirm with . or Enter, or press ? or * to list all spells.
Aiming: Pain
Press: ? - help, Shift-Dir - straight line, f/p - killer bee
Aim: a killer bee The killer bee convulses in agony!
Casting: Pain
Confirm with . or Enter, or press ? or * to list all spells.
Aiming: Pain
Press: ? - help, Shift-Dir - straight line, f/p - killer bee
Aim: a killer bee (moderately wounded)
The killer bee convulses in agony!
The killer bee closely misses you.
You closely miss the killer bee. Your grab misses the killer bee.
The killer bee is moderately wounded.
The killer bee barely misses you. The killer bee stings you.
You die...

# #############
....).).....######
##
###########......#
.# # ######.#
##.## #
#.####...### .
#@kk...#...# #.
######%..#.# #.##
##.## # ... #.#
#.####
#......k%kk...#
.....
#######.##.####
...# #.# # ...#
#.. ...# ###


You could see 2 killer bees.

Vanquished Creatures
  Pikel (D:4)
  Menkaure (D:4)
  3 slaves (D:4)
  A phantom (D:6)
  A centaur (D:5)
  A giant frog (D:6)
  Crazy Yiuf (D:4)
  4 killer bees (D:6)
  3 wights (D:6)
  4 scorpions
  A centaur skeleton (D:4)
  A giant frog skeleton (D:3)
  An orc priest (D:6)
  3 iguanas
  An orc wizard (D:6)
  3 worker ants
  8 adders
  2 giant mites
  An adder skeleton (D:5)
  A giant gecko (D:5)
  9 orcs
  12 bats
  A giant cockroach (D:6)
  19 hobgoblins
  4 jackals (D:4)
  2 quokkas
  4 training dummies (D:4)
  2 ball pythons (D:1)
  A giant gecko skeleton (D:5)
  5 giant newts
  A giant spore (D:6)
  18 goblins
  A goblin skeleton (D:4)
  A jackal zombie (D:5)
  11 kobolds
  9 rats
142 creatures vanquished.

Vanquished Creatures (others)
  A slave (D:4)
  A goblin (D:4)
2 creatures vanquished.

Grand Total: 144 creatures vanquished

Notes
Turn   | Place    | Note
--------------------------------------------------------------
     0 | D:1      | M4edhros, the Octopode Wanderer, began the quest for the Orb.
     0 | D:1      | Reached XP level 1. HP: 12/12 MP: 2/2
    98 | D:1      | Reached XP level 2. HP: 15/18 MP: 4/4
   412 | D:1      | Reached skill level 3 in Short Blades
   450 | D:2      | Reached XP level 3. HP: 14/22 MP: 5/5
   830 | D:2      | Found a radiant altar of Vehumet.
  1248 | D:3      | Reached XP level 4. HP: 26/28 MP: 7/7
  1370 | D:4      | Found an iron altar of Okawaru.
  1370 | D:4      | Noticed a slave
  1377 | D:4      | Noticed a slave
  1379 | D:4      | Noticed a slave
  1380 | D:4      | Noticed a slave
  1394 | D:4      | Noticed Pikel
  1414 | D:4      | Killed a slave
  1425 | D:4      | Killed a slave
  1443 | D:4      | Killed a slave
  1445 | D:4      | Noticed Menkaure
  1821 | D:3      | Reached XP level 5. HP: 19/34 MP: 8/8
  1980 | D:4      | Reached skill level 4 in Short Blades
  2055 | D:4      | Killed Menkaure
  2055 | D:4      | Reached XP level 6. HP: 18/40 MP: 10/10
  2284 | D:4      | Killed Pikel
  2284 | D:4      | Reached skill level 5 in Fighting
  2284 | D:4      | Reached skill level 6 in Short Blades
  2284 | D:4      | Reached XP level 7. HP: 16/45 MP: 11/11
  2566 | D:4      | Killed a freed slave
  2742 | D:4      | Got a bloodstained dagger
  2815 | D:4      | Noticed Crazy Yiuf
  3098 | D:4      | Reached XP level 8. HP: 46/53 MP: 13/13
  3157 | D:4      | Killed Crazy Yiuf
  3181 | D:4      | Found a bloodstained altar of Trog.
  3644 | D:5      | Entered Level 5 of the Dungeon
  3883 | D:5      | Reached skill level 7 in Short Blades
  4403 | D:5      | Found a blossoming altar of Fedhas.
  4495 | D:6      | Found a shimmering altar of Xom.
  4952 | D:6      | Reached skill level 1 in Maces & Flails
  5270 | D:6      | HP: 1/54 [killer bee (2)]
  5271 | D:6      | Reached XP level 9. HP: 1/59 MP: 14/14
  5274 | D:6      | Slain by a killer bee

Action                   |  1- 3 |  4- 6 |  7- 9 || total
-------------------------+-------+-------+-------++-------
Melee: Short sword       |    75 |    78 |   168 ||   321
       Whip              |       |       |    39 ||    39
       Hammer            |       |       |     3 ||     3
Throw: Dagger            |       |       |     1 ||     1
 Cast: Pain              |       |       |     6 ||     6
Evoke: Wand              |       |       |     3 ||     3
  Use: Potion            |       |     8 |     4 ||    12
       Scroll            |       |     7 |     5 ||    12
 Stab: Sleeping          |     3 |       |     2 ||     5
